 Dungeon Crawl Stone Soup version 0.29-a0-72-g1732ff48e7 (webtiles) character file.

Game seed: 16113443401176266253

42 bande the Covered (level 3, 0/24 HPs)
             Began as a Gargoyle Fighter on Feb 4, 2022.
             Slain by an iron imp (1 damage)
             ... summoned by Natasha
             ... on level 3 of the Dungeon.
             The game lasted 00:02:07 (1365 turns).

bande the Covered (Gargoyle Fighter)                Turns: 1365, Time: 00:02:08

Health: 0/24       AC: 15    Str: 18 (19) XL:     3   Next: 54%
Magic:  3/3        EV:  6    Int:  7 (8)  God:
Gold:   49         SH:  4    Dex:  9 (11) Spells: 2/2 levels left

rFire   . . .      SeeInvis .   a - +0 war axe
rCold   . . .      Faith    .   c - +0 buckler
rNeg    + . .      Spirit   .   g - +0 chain mail
rPois   ∞          Reflect  .   (no helmet)
rElec   +          Harm     .   (no cloak)
rCorr   .          Rampage  .   j - +2 pair of gloves
Will    .....                   (no boots)
Stlth   ..........              (no amulet)
HPRegen 0.08/turn               (no ring)
MPRegen 0.08/turn               (no ring)

@: no status effects
A: sickness immunity, AC +3, negative energy resistance 1, electricity
resistance, torment resistance 1, petrification resistance, deterioration 1
a: no special abilities


You were on level 3 of the Dungeon.
You visited 1 branch of the dungeon, and saw 3 of its levels.

You collected 49 gold pieces.

Inventory:

Hand Weapons
 a - a +0 war axe (weapon)
Armour
 c - a +0 buckler (worn)
 g - a +0 chain mail (worn)
 j - a +2 pair of gloves (worn)
Jewellery
 b - a +4 ring of protection
 h - a ring of see invisible
Scrolls
 e - a scroll of teleportation
 f - 3 scrolls of identify
 i - 2 scrolls of blinking
Potions
 d - a potion of might


   Skills:
 + Level 3.7 Fighting
 + Level 2.4 Axes
 + Level 3.8 Armour
 + Level 3.6 Shields


You had 2 spell levels left.
You didn't know any spells.
Your spell library was empty.

Dungeon Overview and Level Annotations

Branches:
Dungeon (2/15)

Altars:
Hepliaklqana

Shops:
D:2 ?

Annotations:
D:3 Natasha


Innate Abilities, Weirdness & Mutations

You are immune to sickness and miasma.
Your stone body is resilient. (AC +3)
You are immune to poison.
You resist negative energy. (rN+)
You are resistant to electric shocks. (rElec)
You are resistant to unholy torment.
You are immune to petrification.
Your body sometimes deteriorates upon taking damage.


Message History

The crimson imp hits you. The iron imp barely misses you.
Natasha claws you but does no damage. The crimson imp barely misses you.
You hit the iron imp but do no damage.
The iron imp is lightly wounded.
You hit the crimson imp. You hit Natasha but do no damage.
Natasha stares at you and mumbles some strange words.
The magic dart hits you.
Your body deteriorates!
You feel clumsy. The iron imp barely misses you.
You block the crimson imp's attack.
You miss Natasha. You hit the iron imp. You closely miss the crimson imp.
Natasha casts a spell at you.
The magic dart hits you but does no damage.
The iron imp barely misses you.
The crimson imp hits you but does no damage.
Natasha stares at you and mumbles some strange words.
You resist with significant effort.
You hit Natasha but do no damage. You hit the crimson imp.
You closely miss the iron imp. You block the crimson imp's attack.
The iron imp hits you but does no damage.
Natasha claws you.
The crimson imp hits you but does no damage.
Unknown command.
You hit Natasha.
Natasha is moderately wounded.
You hit the iron imp.
You hit the crimson imp but do no damage.
You block Natasha's attack. You block the iron imp's attack.
The crimson imp blinks!
Natasha claws you but does no damage.
The iron imp disappears for a moment.
The iron imp hits you!
* * * LOW HITPOINT WARNING * * *
You slash Natasha!
Natasha is severely wounded.
You hit the iron imp but do no damage.
The crimson imp disappears in a puff of smoke!
Natasha claws you.
* * * LOW HITPOINT WARNING * * *
Your body deteriorates!
You feel clumsy. The iron imp hits you.
You die...

#..... #.....####
#........#
...(....#
#......####
#.........
#..5h$.# #...@.§#
#
#......#########..
#.....>...(.......
#########.........
#.........
#.........
#..†.....#
#........#
#........#


You could see an iron imp (summoned) and Natasha.

Vanquished Creatures
  An adder (D:3)
  A worm (D:2)
  A dart slug (D:2)
  2 bats (D:3)
  2 giant cockroaches
  3 goblins
  4 hobgoblins
  A quokka (D:2)
  4 ball pythons (D:1)
  A frilled lizard (D:2)
  3 kobolds (D:2)
  A rat (D:1)
24 creatures vanquished.

Notes
Turn   | Place    | Note
-------+----------+-------------------------------------------
     0 | D:1      | bande the Gargoyle Fighter began the quest for the Orb.
     0 | D:1      | Reached XP level 1. HP: 14/14 MP: 1/1
   210 | D:1      | Reached XP level 2. HP: 11/19 MP: 2/2
   779 | D:2      | Found Juaso's Magic Scroll Shoppe.
   820 | D:2      | Gained mutation: Your body sometimes deteriorates upon
                  | taking damage. [potion of mutation]
  1149 | D:2      | Reached XP level 3. HP: 23/23 MP: 3/3
  1212 | D:2      | Found a hazy altar of Hepliaklqana.
  1260 | D:2      | You fall into a shaft and drop 1 floor!
  1354 | D:3      | Noticed Natasha
  1365 | D:3      | HP: 1/24 [Natasha (4)]
  1365 | D:3      | Slain by an iron imp

Illustrated notes

Levels and vault maps discovered:
D:1:      minmay_arrival_hallway, layout_loops_cross
D:2:      layout_loops_ring, basic_altar, serial_shops,
          nicolae_shop_statue_plus, kennysheep_generic_room_8
D:3:      layout_basic, uniq_natasha, uniq_terence, uniq_jessica

Skill      XL: |  1  2 |
---------------+-------+-----
Axes           | 2 |  2.4
Fighting       | |  3.7
Armour         | |  3.8
Shields        | |  3.6

Action                   || total
-------------------------++-------
Melee: War axe           ||    96
  Use: Scroll            ||     3
       Potion            ||     1
Armor: Scale mail        ||    30
       Chain mail        ||    31
Dodge: Dodged            ||    46
Block: Buckler           ||    23

Table legend: (Time is in decaauts)
 A = Elapsed time spent in this place.
 B = Non-inter-level travel time spent in this place.
 C = Inter-level travel time spent in this place.
 D = Time resting spent in this place.
 E = Time spent auto-exploring this place.
 F = Levels seen in this place.
 G = Mean time per level.
                   A        B        C        D        E       F      G
               +--------+--------+--------+--------+--------+-----+--------+
         Total |   1405 |   1405 |      0 |      0 |   1101 |   3 |  468.3 |
       Dungeon |   1405 |   1405 |      0 |      0 |   1101 |   3 |  468.3 |
               +--------+--------+--------+--------+--------+-----+--------+

Top non-repeatable levels by time:
     D:1: 756 daAuts
     D:2: 536 daAuts
     D:3: 113 daAuts
